 Dungeon Crawl Stone Soup version 0.28-a0-1638-g9123634e07 (webtiles) character file.

Game seed: 1388119717727710099

4302 HallandMoats the Fighter (level 10, -3/90 HPs)
             Began as a Ghoul Fighter on Jan 25, 2022.
             Was an Initiate of Gozag.
             Killed from afar by a gargoyle (23 damage)
             ... with a stone arrow
             ... on level 8 of the Dungeon.
             The game lasted 00:14:37 (9943 turns).

HallandMoats the Fighter (Ghoul Fighter)            Turns: 9943, Time: 00:14:38

Health: -3/90      AC: 12    Str: 21    XL:     10   Next: 32%
Magic:  13/13      EV: 13    Int:  5    God:    Gozag
Gold:   229        SH: 10    Dex: 10    Spells: 9/9 levels left

rFire   . . .      SeeInvis +   b - +6 club (vamp)
rCold   + . .      Faith    .   E - +0 buckler
rNeg    + + +      Spirit   .   t - +1 robe "Utoth" {Slay+5}
rPois   ∞          Reflect  +   q - +0 helmet
rElec   .          Harm     .   z - +0 cloak
rCorr   .          Rampage  .   c - +1 pair of gloves
Will    .....                   (no boots)
Stlth   +.........              d - amulet of reflection
HPRegen 0.00/turn               e - ring of see invisible
MPRegen 0.13/turn               B - +4 ring of protection

@: inhibited regen
A: claws 1, cold resistance 1, negative energy resistance 3, inhibited
regeneration, torment resistance 2
a: Renounce Religion, Potion Petition, Call Merchant, Bribe Branch


You were on level 8 of the Dungeon.
You worshipped Gozag.
Gozag was aware of your devotion.
You visited 1 branch of the dungeon, and saw 9 of its levels.

You collected 1490 gold pieces.
You spent 1261 gold pieces at shops.

Inventory:

Hand Weapons
 b - a +6 vampiric club (weapon)
Missiles
 A - 4 throwing nets (quivered)
Armour
 c - a +1 pair of gloves (worn)
 q - a +0 helmet (worn)
 t - the +1 robe "Utoth" (worn) {Slay+5}
   (You found it on level 3 of the Dungeon)

   Slay:      It affects your accuracy & damage with ranged weapons and melee
   (+5).
 z - a +0 cloak (worn)
 E - a +0 buckler (worn)
Jewellery
 d - an amulet of reflection (around neck)
 e - a ring of see invisible (left hand)
 w - a ring of willpower
 B - a +4 ring of protection (right hand)
 G - a ring of protection from cold
Wands
 k - a wand of polymorph (6)
 r - a wand of digging (5)
 s - a wand of paralysis (4)
 x - a wand of mindburst (11)
 y - a wand of flame (10)
 I - a wand of iceblast (18)
Scrolls
 a - a scroll of identify
 g - 2 scrolls of fear
 i - 2 scrolls of summoning
 j - 2 scrolls of magic mapping
 l - 3 scrolls of teleportation
 n - a scroll of blinking
 u - a scroll of enchant weapon
 D - 2 scrolls of enchant armour
Potions
 h - a potion of haste {unknown}
 m - 6 potions of brilliance
 o - a potion of flight {unknown}
 p - 5 potions of magic
 v - a potion of degeneration {unknown}
 C - a potion of curing {unknown}
 F - a potion of invisibility {unknown}


   Skills:
 + Level 8.8 Fighting
 * Level 4.1 Maces & Flails
 + Level 5.8 Armour
 + Level 5.0 Dodging
 + Level 5.7 Shields
 - Level 3.9 Unarmed Combat
 + Level 6.2 Invocations


You had 9 spell levels left.
You didn't know any spells.
Your spell library contained the following spells:

 Spells                   Type           Power      Damage    Failure   Level
 Magic Dart               Conj           0%         1d3       56%         1
 Blink                    Tloc           0%         N/A       71%         2
 Call Imp                 Summ           0%         N/A       71%         2
 Frozen Ramparts          Ice            0%         1d2       90%         3
 Lesser Beckoning         Tloc           0%         N/A       90%         3
 Mephitic Cloud           Conj/Pois/Air  0%         N/A       90%         3
 Summon Ice Beast         Ice/Summ       0%         N/A       100%        4
 Fireball                 Conj/Fire      0%         3d3       100%        5
 Manifold Assault         Tloc           0%         N/A       100%        5
 Starburst                Conj/Fire      0%         6d3       100%        6
 Ignition                 Fire           0%         3d3       100%        8
 Ice Form                 Ice/Tmut       Unusable   N/A       N/A         4

Dungeon Overview and Level Annotations

Branches:
Dungeon (9/15)             Temple (0/1) D:5
   Lair: D:8-11         Orc: D:9-12

Altars:
Cheibriados
Gozag
Kikubaaqudgha
Makhleb
Nemelex Xobeh
Qazlal
Sif Muna
Trog
Vehumet
Wu Jian
Yredelemnul
Zin
The Shining One

Shops:
D:4 (   D:7 ?:?[?


Innate Abilities, Weirdness & Mutations

You thrive by killing the living.
You are immune to poison.
You have sharp fingernails.
Your flesh is cold resistant. (rC+)
You are immune to negative energy. (rN+++)
You do not regenerate when monsters are visible.
You are immune to unholy pain and torment.


Message History

The gargoyle hits you with a +1 vorpal mace!
You sock the gargoyle!
The gargoyle is severely damaged.
The gargoyle hits you with a +1 vorpal mace!!
You hit the gargoyle but do no damage.
The gargoyle is severely damaged.
The gargoyle hurls a stone arrow at you.
The stone arrow misses you.
You feel much better.
The gargoyle hits you with a +1 vorpal mace!
You hit the gargoyle but do no damage.
The gargoyle is severely damaged.
The gargoyle hurls a stone arrow at you.
The stone arrow hits you!!
* * * LOW HITPOINT WARNING * * *
You barely miss the gargoyle.
The gargoyle is severely damaged.
The gargoyle hits you with a +1 vorpal mace.
* * * LOW HITPOINT WARNING * * *
x2 You feel much better.
You block the gargoyle's attack.
You barely miss the gargoyle.
The gargoyle is severely damaged.
The gargoyle hurls a stone arrow at you.
The stone arrow misses you. The gargoyle misses you.
You hit the gargoyle but do no damage.
The gargoyle is severely damaged.
The gargoyle hits you with a +1 vorpal mace!
* * * LOW HITPOINT WARNING * * *
x2 You hit the gargoyle but do no damage.
The gargoyle is severely damaged.
The gargoyle closely misses you.
You hit the gargoyle but do no damage.
The gargoyle is severely damaged.
The gargoyle hits you but does no damage.
You sock the gargoyle!
The gargoyle is almost destroyed.
The gargoyle hurls a stone arrow at you.
The stone arrow hits you!!
You die...
Your body crumbles into a pile of gold.

#####.....#####..##
..#.+......##...##
#'#.###........##
#.....#........#
#.....+...#....#
#.....###.##...##
#'#.#####.###...##
..#.+...'.# ##.[.#
#####..(### #.[@#
+.#.......# ##..9#
#.#+#...#'###....#
....#...#........#
....#####...#..###
....##...#######
#.#'##..##
+.#.##.## ###
###....# ###.###


You could see a gargoyle.

Vanquished Creatures
  Harold (D:9)
  Grinder (D:3)
  Edmund (D:4)
  Duvessa (D:6)
  A water moccasin (D:5)
  2 orc warriors
  2 necrophages
  2 black bears (D:7)
  2 ice beasts
  3 ogres
  2 centaurs (D:5)
  4 phantoms
  2 kobold brigands
  Blork the orc (D:4)
  2 wyvern zombies
  A scorpion (D:5)
  A wyvern skeleton (D:5)
  Dowan (D:6)
  A wight (D:8)
  5 killer bees (D:8)
  2 howler monkeys
  2 hounds
  Crazy Yiuf (D:4)
  3 orc priests
  Ijyb (D:5)
  5 iguanas
  Terence (D:3)
  7 orc wizards
  A scorpion zombie (D:5)
  2 hound skeletons
  Robin (D:3)
  3 gnolls
  A howler monkey skeleton (D:7)
  10 adders
  A shadow imp (D:6)
  2 white imps
  2 worms
  4 dart slugs
  33 orcs
  6 bats
  9 endoplasms
  2 giant cockroaches (D:4)
  15 goblins
  11 hobgoblins
  2 jackals (D:3)
  4 ball pythons
  2 frilled lizards
  21 kobolds
  4 rats
194 creatures vanquished.

Vanquished Creatures (others)
  An orc wizard (D:5)
1 creature vanquished.

Grand Total: 195 creatures vanquished

Notes
Turn   | Place    | Note
-------+----------+-------------------------------------------
     0 | D:1      | HallandMoats the Ghoul Fighter began the quest for the Orb.
     0 | D:1      | Reached XP level 1. HP: 19/19 MP: 0/0
   212 | D:1      | Reached XP level 2. HP: 15/26 MP: 1/1
   872 | D:2      | Reached XP level 3. HP: 24/33 MP: 2/2
   957 | D:2      | Found a faded altar of an unknown god.
   968 | D:2      | Prayed at the altar of an unknown god.
   968 | D:2      | Became a worshipper of Gozag Ym Sagoz the Greedy
  1194 | D:2      | Reached skill level 1 in Invocations
  1647 | D:3      | Reached XP level 4. HP: 40/40 MP: 3/3
  1667 | D:3      | Noticed Grinder
  1677 | D:3      | Paralysed by Grinder for 2 turns
  1683 | D:3      | Killed Grinder
  1684 | D:3      | Reached skill level 4 in Fighting
  1684 | D:3      | Reached skill level 1 in Dodging
  1684 | D:3      | Reached XP level 5. HP: 37/47 MP: 3/5
  1684 | D:3      | Reached XP level 6. HP: 41/53 MP: 3/6
  1906 | D:3      | Noticed Robin
  1934 | D:4      | Noticed Edmund
  2260 | D:3      | Killed Robin
  2393 | D:3      | Reached skill level 5 in Fighting
  2514 | D:3      | Reached XP level 7. HP: 58/61 MP: 7/7
  2653 | D:3      | Noticed Terence
  2661 | D:3      | Identified the +1 robe "Utoth" {Slay+5}
  2669 | D:3      | Killed Terence
  3153 | D:4      | Killed Edmund
  3155 | D:4      | Found a stormy altar of Qazlal.
  3155 | D:4      | Found a snail-covered altar of Cheibriados.
  3155 | D:4      | Found a sparkling altar of Nemelex Xobeh.
  3155 | D:4      | Found an ancient bone altar of Kikubaaqudgha.
  3158 | D:4      | Found a bloodstained altar of Trog.
  3158 | D:4      | Found an ornate altar of the Wu Jian Council.
  3159 | D:4      | Found a burning altar of Makhleb.
  3159 | D:4      | Found a radiant altar of Vehumet.
  3160 | D:4      | Found a basalt altar of Yredelemnul.
  3331 | D:4      | Reached skill level 6 in Fighting
  3458 | D:4      | Reached XP level 8. HP: 47/70 MP: 9/9
  3736 | D:4      | Found Haggyuck's Antique Weapon Boutique.
  3957 | D:4      | Found a runed translucent door.
  3957 | D:4      | Noticed Blork the orc
  3958 | D:4      | Noticed Crazy Yiuf
  4050 | D:4      | Killed Blork the orc
  4053 | D:4      | Killed Crazy Yiuf
  4121 | D:5      | Entered Level 5 of the Dungeon
  4326 | D:5      | Reached skill level 7 in Fighting
  4670 | D:5      | Found an opulent altar of Gozag.
  5047 | D:5      | Reached XP level 9. HP: 74/79 MP: 11/11
  5103 | D:5      | Found a staircase to the Ecumenical Temple.
  5236 | D:5      | Noticed Ijyb
  5259 | D:5      | Killed Ijyb
  5507 | D:5      | Reached skill level 5 in Armour
  5899 | D:6      | Reached skill level 8 in Fighting
  6089 | D:6      | Reached skill level 1 in Maces & Flails
  6089 | D:6      | Reached skill level 5 in Shields
  6089 | D:6      | Reached skill level 5 in Invocations
  6950 | D:6      | Noticed Dowan
  6950 | D:6      | Noticed Duvessa
  6956 | D:6      | Killed Duvessa
  6965 | D:6      | Killed Dowan
  7299 | D:7      | Found Gugh's Magic Scroll Shop.
  7307 | D:7      | Bought a scroll of brand weapon for 280 gold pieces
  7350 | D:7      | Found Nogisuhi's Book Emporium.
  7503 | D:7      | Found Onuwn's Magic Scroll Shop.
  7511 | D:7      | Bought a scroll of identify for 24 gold pieces
  7515 | D:7      | Bought a scroll of magic mapping for 42 gold pieces
  7515 | D:7      | Bought a scroll of identify for 24 gold pieces
  7515 | D:7      | Bought a scroll of brand weapon for 240 gold pieces
  7515 | D:7      | Bought a scroll of enchant armour for 90 gold pieces
  7952 | D:7      | Found Wiubeilu's Antique Armour Boutique.
  7957 | D:7      | Bought a pair of glowing gloves for 225 gold pieces
  8057 | D:7      | Found Lesit's Magic Scroll Shoppe.
  8065 | D:7      | Bought a scroll of brand weapon for 280 gold pieces
  8065 | D:7      | Bought a scroll of identify for 28 gold pieces
  8065 | D:7      | Bought a scroll of identify for 28 gold pieces
  8776 | D:8      | Reached XP level 10. HP: 83/90 MP: 13/13
  9650 | D:9      | Noticed Harold
  9666 | D:9      | Killed Harold
  9667 | D:9      | Reached skill level 5 in Dodging
  9902 | D:9      | Found a shimmering blue altar of Sif Muna.
  9903 | D:9      | Noticed a gargoyle
  9937 | D:8      | HP: 4/90 [gargoyle (4)]
  9943 | D:8      | Killed from afar by a gargoyle

Illustrated notes

Levels and vault maps discovered:
D:1:      grunt_arrival_lava_bath, layout_basic, st_stairs_14,
          nrook_mini_backslash, nicolae_concentric_dashed_squares_wild,
          minmay_misc_feat_doors
D:2:      layout_basic, hellmonk_ecumenical_altar_crossroads
D:3:      layout_rooms, uniq_terence, uniq_robin, uniq_grinder
D:4:      layout_gridville, nicolae_overflows_in_rows, minmay_statues_item,
          nicolae_inconvenience_store, hangedman_abyss_or_decor_stagger,
          minmay_misc_feat_hallway, uniq_crazy_yiuf_cottage, uniq_edmund,
          uniq_blork_the_orc
D:5:      layout_loops_corners, grunt_temple_overflow_gold_and_silver,
          minmay_temple_entry_glassed_door, nicolae_figureground_sparkle,
          uniq_ijyb
D:6:      cheibrodos_thug_alley, layout_basic, lightli_corner_chamber,
          uniq_duvessa
D:7:      layout_gridville, serial_shops, shop,
          nicolae_shop_temple_entry_statues_fountains, nicolae_shop_trees, shop,
          nicolae_shop_crystal
D:8:      nicolae_cairo_tiling_large, layout_layer_cave
D:9:      layout_loops_ring, old_standard_altar, st_stairs_8, uniq_harold

Skill      XL: |  1  2  3  4  5  6  7  8  9 10 |
---------------+-------------------------------+-----
Unarmed Combat | 3 |  3.9
Invocations    | 1 2 3 4 5 6 |  6.2
Fighting       | 4 5 6 7 8 |  8.8
Armour         | 3 4 5 |  5.8
Dodging        | 1 2 3 4 5 |  5.0
Shields        | 3 4 5 |  5.7
Maces & Flails | 3 4 |  4.1

Action                   |  1- 3 |  4- 6 |  7- 9 | 10-12 || total
-------------------------+-------+-------+-------+-------++-------
Melee: Unarmed           |   126 |    21 |       |       ||   147
       Mace              |       |    83 |   187 |       ||   270
       Club              |       |       |   203 |    77 ||   280
  Use: Potion            |       |     1 |     4 |     4 ||     9
       Scroll            |       |       |    15 |       ||    15
 Stab: Distracted        |       |     1 |     1 |     1 ||     3
Armor: Scale mail        |    28 |       |       |       ||    28
       Plate armour      |    27 |    97 |    15 |       ||   139
       Robe              |       |       |   108 |    18 ||   126
Dodge: Dodged            |    44 |    36 |   184 |    31 ||   295
Block: Buckler           |    35 |    76 |   202 |    30 ||   343
       Reflection        |     3 |     1 |     2 |     2 ||     8

Table legend: (Time is in decaauts)
 A = Elapsed time spent in this place.
 B = Non-inter-level travel time spent in this place.
 C = Inter-level travel time spent in this place.
 D = Time resting spent in this place.
 E = Time spent auto-exploring this place.
 F = Levels seen in this place.
 G = Mean time per level.
                   A        B        C        D        E       F      G
               +--------+--------+--------+--------+--------+-----+--------+
         Total |  10135 |   9887 |    248 |   1542 |   6431 |   9 | 1126.1 |
       Dungeon |  10135 |   9887 |    248 |   1542 |   6431 |   9 | 1126.1 |
               +--------+--------+--------+--------+--------+-----+--------+

Top non-repeatable levels by time:
     D:5: 1744 daAuts
     D:6: 1452 daAuts
     D:8: 1188 daAuts
     D:4: 1157 daAuts
     D:3: 1116 daAuts
     D:7: 1111 daAuts
     D:2: 1071 daAuts
     D:1: 858 daAuts
     D:9: 434 daAuts
